 Dungeon Crawl Stone Soup version 0.29-a0-1065-g47a6bb87d6 (webtiles) character file.

Game seed: 11882596980455555593

28 greasedhog the Chiller (level 3, 0/19 HPs)
             Began as a Gargoyle Ice Elementalist on Aug 18, 2022.
             Slain by a hobgoblin (4 damage)
             ... led by Robin
             ... on level 2 of the Dungeon.
             The game lasted 00:01:08 (1642 turns).

greasedhog the Chiller (Gargoyle Ice Elementalist)  Turns: 1642, Time: 00:01:09

Health: 0/19       AC:  5    Str: 11    XL:     3   Next: 12%
Magic:  7/7        EV: 11    Int: 17    God:
Gold:   99         SH:  0    Dex: 10    Spells: 6/7 levels left

rFire   . . .      SeeInvis .   j - +2 hand axe (elec)
rCold   . . .      Faith    .   (no shield)
rNeg    + . .      Spirit   .   a - +0 robe
rPois   ∞          Reflect  .   (no helmet)
rElec   +          Harm     .   (no cloak)
rCorr   .          Rampage  .   (no gloves)
Will    .....                   (no boots)
Stlth   ++........              (no amulet)
HPRegen 0.06/turn               (no ring)
MPRegen 0.10/turn               (no ring)

@: no status effects
A: sickness immunity, AC +3, negative energy resistance 1, electricity
resistance, torment resistance 1, petrification resistance
a: no special abilities


You were on level 2 of the Dungeon.
You visited 1 branch of the dungeon, and saw 2 of its levels.

You collected 99 gold pieces.

Inventory:

Hand Weapons
 j - a +2 hand axe of electrocution (weapon)
Armour
 a - a +0 robe (worn)
Scrolls
 d - a scroll of teleportation {unknown}
 f - a scroll of identify
 k - a scroll of magic mapping {unknown}
Potions
 b - a potion of magic
 c - a potion of might
 e - a potion of attraction {unknown}
 g - a potion of brilliance {unknown}
 h - a potion of heal wounds {unknown}
 i - a potion of lignification {unknown}


   Skills:
 - Level 1.5 Dodging
 - Level 2.1 Stealth
 * Level 2.7 Spellcasting
 * Level 4.5 Ice Magic


You had 6 spell levels left.
You knew the following spells:

 Your Spells              Type           Power      Damage    Failure   Level
a - Freeze                Ice            68%        1d8       2%          1

Your spell library contained the following spells:

 Spells                   Type           Power      Damage    Failure   Level
 Frozen Ramparts          Ice            34%        1d6       9%          3
 Ozocubu's Armour         Ice            17%        N/A       9%          3
 Hailstorm                Conj/Ice       9%         3d4       56%         4


Dungeon Overview and Level Annotations

Branches:
Dungeon (2/15)

Altars:

Annotations:
D:2 Robin


Innate Abilities, Weirdness & Mutations

You are immune to sickness and miasma.
Your stone body is resilient. (AC +3)
You are immune to poison.
You resist negative energy. (rN+)
You are resistant to electric shocks. (rElec)
You are resistant to unholy torment.
You are immune to petrification.


Message History

A hobgoblin is nearby!
A hobgoblin is nearby!
A hobgoblin and 2 goblins come into view.
The hobgoblin shouts! x2; You hear a shout! x2
There is an open gate here.
Robin, a hobgoblin and 2 goblins come into view.
A goblin is wielding a +2 dagger of speed.
The goblin shouts! x2
Robin throws the goblin at you! The goblin hits you but does no damage.
The goblin shouts!
You slash the goblin!
You kill the goblin!
You hear a shout!
A hobgoblin comes into view.
A goblin comes into view. It is wielding a +0 club.
Robin roars a battlecry!
The goblins go into a battle-frenzy!
A hobgoblin comes into view.
You barely miss the hobgoblin.
The goblin shouts!
You hit the hobgoblin. The hobgoblin hits you. x2
The goblin closely misses you. Robin throws the goblin at you!
The hobgoblin barely misses you.
You barely miss the hobgoblin.
The hobgoblin is heavily wounded.
You hit the hobgoblin. You barely miss the goblin. You closely miss the goblin.
The hobgoblin hits you. x2; The goblin closely misses you.
The goblin hits you but does no damage.
The goblin unwields a +0 dagger.
The goblin wields a +0 sling.
The goblin shoots a sling bullet.
The sling bullet closely misses you.
You hit the hobgoblin.
You kill the hobgoblin!
You closely miss the goblin. You hit the goblin.
Lightning courses through the goblin!
You kill the goblin!
You barely miss the hobgoblin. The goblin hits you with a +0 club.
* * * LOW HITPOINT WARNING * * *
Robin drinks a potion.
Robin suddenly seems more resistant.
The hobgoblin hits you.
You die...

...#
#.########......
.#### #. ...# #...#
#.####+++ ##
..########.# .##⌠..
.........#.# #....
.#######.#.######
#.g... .#
#........##gg.≈≈≈ .#
####....##g..≈≈# .#
#...##.gg≈≈# .#
#...#†@g≈≈# ####
#...#.g.≈##
...########...'...≈#
...#..........'...##
...#........#.'...≈#
...#.....[..###...≈#
...'........#
#⌠..≈≈#
...####'#####
##...≈≈# #### #.#
#...≈≈


You could see Robin (resistant), 4 hobgoblins and 3 goblins.

Vanquished Creatures
  An adder (D:2)
  A giant cockroach (D:1)
  5 goblins
  5 hobgoblins
  A quokka (D:2)
  A ball python (D:1)
  2 bats
  2 kobolds
  2 rats (D:1)
20 creatures vanquished.

Notes
Turn   | Place    | Note
-------+----------+-------------------------------------------
     0 | D:1      | greasedhog the Gargoyle Ice Elementalist began the quest
                  | for the Orb.
     0 | D:1      | Reached XP level 1. HP: 10/10 MP: 3/3
   395 | D:1      | Reached XP level 2. HP: 10/15 MP: 0/5
  1028 | D:2      | Found a faded altar of an unknown god.
  1319 | D:2      | Reached XP level 3. HP: 19/19 MP: 6/6
  1637 | D:2      | Noticed Robin
  1642 | D:2      | Slain by a hobgoblin

Illustrated notes

Levels and vault maps discovered:
D:1:      dpeg_arrival_three_smaller_balls, layout_loops_ring
D:2:      layout_basic, shapermc_ecumenical_altar_ellora, kennysheep_donut,
          nrook_mini_backslash, uniq_robin

Action                   || total
-------------------------++-------
Melee: Dagger            ||    29
       Hand axe          ||    14
 Cast: Freeze            ||    14
  Use: Scroll            ||     2
 Stab: Sleeping          ||     1
Armor: Robe              ||    27
Dodge: Dodged            ||    29

Table legend: (Time is in decaauts)
 A = Elapsed time spent in this place.
 B = Non-inter-level travel time spent in this place.
 C = Inter-level travel time spent in this place.
 D = Time resting spent in this place.
 E = Time spent auto-exploring this place.
 F = Levels seen in this place.
 G = Mean time per level.
                   A        B        C        D        E       F      G
               +--------+--------+--------+--------+--------+-----+--------+
         Total |   1644 |   1632 |     12 |      0 |   1475 |   2 |  822.0 |
       Dungeon |   1644 |   1632 |     12 |      0 |   1475 |   2 |  822.0 |
               +--------+--------+--------+--------+--------+-----+--------+

Top non-repeatable levels by time:
     D:1: 969 daAuts
     D:2: 675 daAuts
